 Dungeon Crawl Stone Soup version 0.22-b1-59-g0aedee7 (webtiles) character file.

823 MTVSty1e the Cleaver (level 7, -3/41 HPs)
             Began as a Gargoyle Fighter on Aug 9, 2018.
             Slain by an orc warrior
             ... wielding a +2 long sword of flaming
              (13 damage)
             ... on level 4 of the Dungeon.
             The game lasted 00:04:26 (2617 turns).

MTVSty1e the Cleaver (Gargoyle Fighter)             Turns: 2617, Time: 00:04:26

Health: -3/41      AC: 12    Str: 21    XL:     7   Next: 96%
Magic:  7/7        EV:  7    Int:  9    God:
Gold:   234        SH:  9    Dex:  9    Spells: 6/6 levels left

rFire    . . .     SeeInvis .   e - +2 hand axe (venom)
rCold    . . .     Gourm    .   c - +0 shield
rNeg     + . .     Faith    .   b - +0 scale mail
rPois    ∞         Spirit   .   t - +0 helmet
rElec    +         Reflect  .   (no cloak)
rCorr    .         Harm     .   (no gloves)
MR       .....                  (no boots)
Stlth    ..........             (no amulet)
HPRegen  0.13/turn              (no ring)
MPRegen  0.10/turn              (no ring)

@: no status effects
A: negative energy resistance 1, electricity resistance, unbreathing,
petrification resistance, rot immunity, AC +4
a: no special abilities


You were on level 4 of the Dungeon.
You were not hungry.

You visited 1 branch of the dungeon, and saw 4 of its levels.

You collected 234 gold pieces.

Inventory:

Hand Weapons
 a - a +0 war axe
 e - a +2 hand axe of venom (weapon)
 p - a +3 hand axe
Armour
 b - a +0 scale mail (worn)
 c - a +0 shield (worn)
 t - a +0 helmet (worn)
Jewellery
 w - an uncursed amulet of magic regeneration {unknown}
Scrolls
 g - 5 scrolls of noise {unknown}
 i - a scroll of immolation {unknown}
 j - 4 scrolls of identify {unknown}
 l - 2 scrolls of amnesia {unknown}
 n - 2 scrolls of fear {unknown}
 o - a scroll of fog {unknown}
 q - 2 scrolls of remove curse {unknown}
 u - 2 scrolls of enchant armour {unknown}
Potions
 d - 2 potions of might
 h - a potion of haste {unknown}
 k - a potion of invisibility {unknown}
 m - a potion of brilliance {unknown}
 r - a potion of degeneration {unknown}
 s - a potion of mutation {unknown}
 v - 2 potions of curing {unknown}
 x - a potion of magic {unknown}
Comestibles
 f - 3 rations


   Skills:
 - Level 3.2 Fighting
 + Level 8.1 Axes
 - Level 3.2 Armour
 - Level 3.2 Shields


You had 6 spell levels left.
You didn't know any spells.
Your spell library was empty.

Dungeon Overview and Level Annotations

Branches:
Dungeon (4/15)
 Temple: D:4-7

Altars:
Hepliaklqana
Xom


Innate Abilities, Weirdness & Mutations

You are resistant to torment.
Your stone body is resilient. (AC +4)
You are immune to poison.
You resist negative energy. (rN+)
You are resistant to electric shocks. (rElec)
You can survive without breathing.
You are immune to petrification.
You are immune to rotting.


Message History

You block the adder's attack.
You hit the orc warrior.
The orc warrior looks as sick as possible!
The orc warrior is severely wounded.
You miss the adder.
The orc warrior hits you with a long sword of flaming!!
The orc warrior burns you. You block the adder's attack.
You barely miss the orc warrior.
The orc warrior is severely wounded.
You barely miss the adder.
The orc warrior hits you with a long sword of flaming.
* * * LOW HITPOINT WARNING * * *
The orc warrior burns you.
* * * LOW HITPOINT WARNING * * *
The adder barely misses you.
You closely miss the orc warrior.
The orc warrior is almost dead.
You hit the adder.
The adder is poisoned.
You block the adder's attack.
The orc warrior hits you with a long sword of flaming!
You die...

##### #...†.....#
.#
#.........##.#####
#................#
##.#....####.......
#.#....# ####.##
##.#$...#
##...#.#.#
#.........#
#.#...)o@S# #
####.)†)......
#.........#
....##.###.# ##...#
.. . #.... .## ...=
.# ##..#


You could see an orc warrior and an adder.

Vanquished Creatures
  Sigmund (D:2)
  The ghost of Goblin1989 the Cutter, an amateur DsCK of Xom (D:3)
  A bullfrog (D:3)
  4 crimson imps (D:3)
  2 orc priests (D:3)
  2 orc wizards
  A hound skeleton (D:4)
  Robin (D:3)
  7 adders
  3 gnolls (D:3)
  6 dart slugs
  A worm (D:2)
  3 leopard geckos
  12 orcs
  A ball python (D:3)
  3 giant cockroaches
  16 goblins
  17 hobgoblins
  7 jackals
  10 kobolds
  A quokka (D:3)
  8 bats
  2 frilled lizards (D:3)
  5 rats
115 creatures vanquished.

Notes
Turn   | Place    | Note
-------+----------+-------------------------------------------
     0 | D:1      | MTVSty1e the Gargoyle Fighter began the quest for the Orb.
     0 | D:1      | Reached XP level 1. HP: 14/14 MP: 1/1
    14 | D:1      | Reached skill level 2 in Axes
   117 | D:1      | Reached XP level 2. HP: 19/19 MP: 2/2
   418 | D:1      | Reached skill level 3 in Axes
   540 | D:1      | Reached XP level 3. HP: 23/23 MP: 3/3
   801 | D:2      | Noticed Sigmund
   808 | D:2      | Killed Sigmund
   808 | D:2      | Reached skill level 5 in Axes
   808 | D:2      | Reached XP level 4. HP: 28/28 MP: 4/4
   808 | D:2      | Reached XP level 5. HP: 32/32 MP: 5/5
  1038 | D:2      | Reached XP level 6. HP: 34/37 MP: 6/6
  1576 | D:3      | Reached skill level 6 in Axes
  1605 | D:3      | Found a runed door.
  1610 | D:3      | Noticed Goblin1989's ghost (amateur DsCK)
  1653 | D:3      | Killed Goblin1989's ghost
  1653 | D:3      | Reached XP level 7. HP: 28/41 MP: 7/7
  1752 | D:3      | Found a runed door.
  1813 | D:3      | Found a hazy altar of Hepliaklqana.
  1848 | D:3      | Noticed Robin
  1864 | D:3      | Killed Robin
  1931 | D:3      | Reached skill level 7 in Axes
  2071 | D:3      | Found a shimmering altar of Xom.
  2584 | D:4      | Reached skill level 8 in Axes
  2617 | D:4      | Slain by an orc warrior

Skill      XL: |  1  2  3  4  5  6  7 |
---------------+----------------------+-----
Axes           | 2 3 5 6 8 |  8.1
Fighting       | |  3.2
Armour         | |  3.2
Shields        | |  3.2

Action                   |  1- 3 |  4- 6 |  7- 9 || total
-------------------------+-------+-------+-------++-------
Melee: War axe           |    13 |       |       ||    13
       Hand axe          |    56 |   119 |    99 ||   274
  Eat: Chunk             |       |     2 |     2 ||     4
       Ration            |       |       |     1 ||     1
Armor: Scale mail        |    29 |    57 |    53 ||   139
Dodge: Dodged            |    23 |    34 |    26 ||    83
Block: Shield            |    28 |    58 |    54 ||   140
